Thunderbirds vs Moose

Created - February 22, 2025 at 23:12

Goals
1 2 3 T
Thunderbirds 0 5 1 6
Moose 0 1 2 3
Shots
1 2 3 T
Thunderbirds 15 20 5 40
Moose 12 12 11 35

1st period

No Goal

Penalties :
Anthony Richard (Spr) for Hooking (Minor) at 13:31, Paul Cotter (Spr) for Holding (Minor) at 19:49

2nd period

1. Thunderbirds , Henri Jokiharju 4 (Dylan Sikura 22) at 2:11
2. Moose , Logan O'Connor 18 (Nick Paul 28, Vinni Lettieri 16) at 2:40
3. Thunderbirds , Joachim Blichfeld 41 (Rourke Chartier 45, Calen Addison 8) at 5:11 (PP)
4. Thunderbirds , Anthony Richard 13 (Joachim Blichfeld 34) at 10:22
5. Thunderbirds , Anthony Richard 14 (Sami Niku 18) at 16:03
6. Thunderbirds , Artturi Lehkonen 10 (Emil Bemstrom 19, Trent Frederic 11) at 18:47

Penalties :
Matthew Benning (Man) for Cross-checking (Minor) at 4:57, Michael Rasmussen (Spr) for Holding (Minor) at 12:54

3rd period

7. Thunderbirds , Dylan Sikura 15 (Calen Addison 9, Pierre Engvall 16) at 6:52
8. Moose , Logan O'Connor 19 (Ludwig Bystrom 28, Mitchell Stephens 9) at 18:43
9. Moose , Eetu Luostarinen 20 (Jake Leschyshyn 18) at 18:49

Penalties :
Nelson Nogier (Man) for Tripping (Minor) at 0:22, Ludwig Bystrom (Man) for Holding (Minor) at 6:57, Aliaksei Protas (Man) for Interference (Minor) at 9:06, Caleb Jones (Man) for Roughing (Minor) at 19:44

Goalie Stats

Emil Larmi (Spr), 32 saves from 35 shots - (0.914), W, 19-15-2, 60:00 minutes
Filip Gustavsson (Man), 34 saves from 40 shots - (0.850), L, 19-18-2, 60:00 minutes

Players Stats for Thunderbirds

Player Name              G  A  P  +/- PIM S  H  SB GA TA FO     MP     PP MP  PK MP  
------------------------------------------------------------------------------------
Anthony Richard          2  0  2   2  2   3  1  0  0  0  7/16   16:14   2:55   0:56 
Artturi Lehkonen         1  0  1   1  0   2  3  0  0  0  0/0     9:59   0:05   0:25 
Calen Addison            0  2  2   1  0   0  2  2  1  1  0/0    28:07   3:30   3:29 
Dylan Blujus             0  0  0  -1  0   7  1  1  1  0  0/0    18:58   0:00   2:28 
Dylan Sikura             1  1  2   2  0   5  3  1  0  0  1/1    14:09   0:04   1:36 
Emil Bemstrom            0  1  1   1  0   3  1  0  0  0  0/2    11:55   2:55   0:00 
Frederic Allard          0  0  0   2  0   1  1  0  0  0  0/0    13:18   0:00   2:28 
Henri Jokiharju          1  0  1   1  0   2  3  2  0  0  0/0    26:39   2:56   3:29 
Joachim Blichfeld        1  1  2  -1  0   4  2  1  3  1  0/0    20:10   3:26   0:00 
Matt Roy                 0  0  0  -1  0   2  1  0  0  0  0/0    18:35   2:56   0:00 
Michael Rasmussen        0  0  0   2  2   1  0  1  0  0  1/1    15:50   3:15   0:00 
Paul Cotter              0  0  0   0  2   1  2  0  0  1  0/0     8:59   0:00   0:00 
Pierre Engvall           0  1  1  -1  0   1  2  1  1  1  3/3    23:53   2:55   3:56 
Rasmus Kupari            0  0  0   0  0   2  1  0  0  0  0/3     9:06   0:00   0:19 
Rourke Chartier          0  1  1  -1  0   2  1  0  1  0  14/29  20:10   3:26   0:00 
Sami Niku                0  1  1   2  0   2  0  1  1  1  0/0    14:23   3:30   0:00 
Trent Frederic           0  1  1   1  0   1  2  0  1  1  9/11   13:40   0:17   3:57 
Trey Fix-Wolansky        0  0  0   0  0   1  1  0  0  0  0/0     9:55   0:00   0:45 

Players Stats for Moose

Player Name              G  A  P  +/- PIM S  H  SB GA TA FO     MP     PP MP  PK MP  
------------------------------------------------------------------------------------
Aliaksei Protas          0  0  0  -1  2   0  0  0  0  0  0/0     7:45   0:02   0:00 
Axel Jonsson-Fjallby     0  0  0  -1  0   4  1  0  0  0  0/0     7:48   0:00   0:14 
Boris Katchouk           0  0  0   0  0   2  0  0  0  0  0/0    10:19   0:02   1:18 
Caleb Jones              0  0  0   0  2   1  0  1  0  0  0/0    11:05   0:00   1:33 
Eetu Luostarinen         1  0  1   1  0   5  0  0  1  0  3/3    22:57   3:32   3:35 
Jake Leschyshyn          0  1  1   1  0   4  1  2  2  1  18/39  23:08   3:30   3:32 
Jaret Anderson-Dolan     0  0  0  -1  0   0  1  0  0  0  2/3     7:34   0:00   0:00 
Josh Mahura              0  0  0   0  0   2  0  0  1  0  0/0     9:36   0:00   0:03 
Juuso Valimaki           0  0  0  -1  0   0  1  2  1  1  0/0    20:04   2:21   2:26 
Logan O'Connor           2  0  2  -2  0   5  1  0  0  0  0/0    17:31   2:25   0:00 
Ludwig Bystrom           0  1  1  -1  2   3  3  2  0  5  0/0    29:10   3:36   2:48 
Lukas Rousek             0  0  0   0  0   0  0  0  0  0  0/0     8:50   0:00   0:00 
Matthew Benning          0  0  0  -1  2   3  3  1  0  0  0/0    30:05   3:36   3:43 
Mitchell Stephens        0  1  1  -2  0   1  0  0  0  0  4/11   19:03   2:25   1:32 
Nelson Nogier            0  0  0  -1  2   1  2  2  0  1  0/0    20:04   2:21   2:19 
Nick Paul                0  1  1  -2  0   4  1  0  0  0  0/1    19:57   2:25   2:17 
Riley Damiani            0  0  0   0  0   0  0  0  0  1  3/7     9:14   0:00   0:24 
Vinni Lettieri           0  1  1   1  0   0  1  0  1  0  1/2    19:19   3:30   0:00 

3 Stars

1 - Dylan Sikura (Spr)
2 - Anthony Richard (Spr)
3 - Henri Jokiharju (Spr)

Power Play

Thunderbirds - 1 on 5 Attempt(s) - 20.00%
Moose - 0 on 3 Attempt(s) - 0.00%

Penalty Kill

Thunderbirds - 3 on 3 Attempt(s) - 100.00% - Score 0 goal in Penalty Kill
Moose - 4 on 5 Attempt(s) - 80.00% - Score 0 goal in Penalty Kill

Team Stat

Thunderbirds - Hits : 27 - Faceoff Wins : 35 - Blocked Shots : 10 - Penalty Minutes : 6
Moose - Hits : 15 - Faceoff Wins : 31 - Blocked Shots : 10 - Penalty Minutes : 10

Official

Referees : Dan Kelly and Marc Joannette
Linesman : Kiel Murchison and Brad Kovachik

Game Notes

No Game Note

Finance

Level 1 -- Attendance: 1885 (94.25%) -- Ticket Income $131,950
Level 2 -- Attendance: 883 (88.30%) -- Ticket Income $35,320
Total Attendance: 2768 (92.27%)
Total Ticket Income: $167,270
Other Income: $8,364
Total Income: $175,634

Thunderbirds

5 vs 5 Forward 
   Center                   Left Wing                Right Wing               Time % Phy DF OF 
 1 Rourke Chartier          Pierre Engvall           Joachim Blichfeld        40     1   2  2  
 2 Anthony Richard          Michael Rasmussen        Dylan Sikura             30     1   2  2  
 3 Trent Frederic           Artturi Lehkonen         Emil Bemstrom            20     1   2  2  
 4 Rasmus Kupari            Paul Cotter              Trey Fix-Wolansky        10     1   2  2  

5 vs 5 Defense 
   Defense                  Defense                                           Time % Phy DF OF 
 1 Calen Addison            Henri Jokiharju                                   40     1   2  2  
 2 Dylan Blujus             Matt Roy                                          30     1   2  2  
 3 Frederic Allard          Sami Niku                                         20     1   2  2  
 4 Calen Addison            Dylan Blujus                                      10     1   2  2  

PowerPlay Forward 
   Center                   Left Wing                Right Wing               Time % Phy DF OF 
 1 Rourke Chartier          Michael Rasmussen        Joachim Blichfeld        60     1   2  2  
 2 Anthony Richard          Pierre Engvall           Emil Bemstrom            40     1   2  2  

PowerPlay Defense
   Defense                  Defense                                           Time % Phy DF OF 
 1 Sami Niku                Calen Addison                                     60     1   2  2  
 2 Matt Roy                 Henri Jokiharju                                   40     1   2  2  

Penalty Kill 4 Players Forward 
   Center                   Wing                     Time % Phy DF OF 
 1 Trent Frederic           Pierre Engvall           60     1   2  2  
 2 Anthony Richard          Dylan Sikura             40     1   2  2  

Penalty Kill 4 Players Defense
   Defense                  Defense                  Time % Phy DF OF 
 1 Henri Jokiharju          Calen Addison            60     1   2  2  
 2 Dylan Blujus             Frederic Allard          40     1   2  2  

Penalty Kill - 3 Players Forward 
   Forward                                           Time % Phy DF OF 
 1 Trent Frederic                                    60     1   2  2  
 2 Anthony Richard                                   40     1   2  2  

Penalty Kill - 3 Players Defense
   Defense                  Defense                  Time % Phy DF OF 
 1 Dylan Blujus             Henri Jokiharju          60     1   2  2  
 2 Calen Addison            Frederic Allard          40     1   2  2  

4 vs 4 Forward 
   Center                   Wing                     Time % Phy DF OF 
 1 Rourke Chartier          Michael Rasmussen        60     1   2  2  
 2 Anthony Richard          Pierre Engvall           40     1   2  2  

4 vs 4 Defense
   Defense                  Defense                  Time % Phy DF OF 
 1 Henri Jokiharju          Dylan Blujus             60     1   2  2  
 2 Matt Roy                 Calen Addison            40     1   2  2  

Last Minutes Offensive
   Center                   Left Wing                Right Wing               Defense                  Defense                  
   Rourke Chartier          Pierre Engvall           Joachim Blichfeld        Calen Addison            Sami Niku                

Last Minutes Defensive
   Center                   Left Wing                Right Wing               Defense                  Defense                  
   Trent Frederic           Artturi Lehkonen         Pierre Engvall           Henri Jokiharju          Frederic Allard          

Goaltenders
Starting : Emil Larmi               
Backup : Magnus Hellberg          

Extra Forwards
Normal : Rasmus Kupari, Dylan Sikura, Trey Fix-Wolansky - PP : Trent Frederic, Artturi Lehkonen - PK : Trey Fix-Wolansky
Extra Defensemen
Normal : Frederic Allard, Sami Niku, Calen Addison - PP : Sami Niku - PK : Frederic Allard, Dylan Blujus
Penalty Shots
Rourke Chartier, Anthony Richard, Joachim Blichfeld, Trey Fix-Wolansky, Rasmus Kupari
Custom OT Lines Forwards
Rourke Chartier, Pierre Engvall, Dylan Sikura, Joachim Blichfeld, Anthony Richard, Trent Frederic, Artturi Lehkonen, Michael Rasmussen, Emil Bemstrom, Paul Cotter
Custom OT Lines Defensemen
Calen Addison, Henri Jokiharju, Dylan Blujus, Frederic Allard, Matt Roy

Scratches
Nathan Smith (Healthy), Jeremy Lauzon (Left Forearm Injury), Alex Vlasic (Healthy), Jakob Pelletier (Healthy), Rafael Harvey-Pinard (Healthy)
Nicholas Robertson (Healthy), Arturs Silovs (Healthy)

Moose

5 vs 5 Forward 
   Center                   Left Wing                Right Wing               Time % Phy DF OF 
 1 Jake Leschyshyn          Eetu Luostarinen         Vinni Lettieri           40     1   2  2  
 2 Mitchell Stephens        Nick Paul                Logan O'Connor           30     1   2  2  
 3 Riley Damiani            Boris Katchouk           Lukas Rousek             20     1   2  2  
 4 Jaret Anderson-Dolan     Axel Jonsson-Fjallby     Aliaksei Protas          10     1   2  2  

5 vs 5 Defense 
   Defense                  Defense                                           Time % Phy DF OF 
 1 Ludwig Bystrom           Matthew Benning                                   40     1   2  2  
 2 Juuso Valimaki           Nelson Nogier                                     30     1   2  2  
 3 Caleb Jones              Josh Mahura                                       20     1   2  2  
 4 Ludwig Bystrom           Matthew Benning                                   10     1   2  2  

PowerPlay Forward 
   Center                   Left Wing                Right Wing               Time % Phy DF OF 
 1 Jake Leschyshyn          Eetu Luostarinen         Vinni Lettieri           60     1   2  2  
 2 Mitchell Stephens        Nick Paul                Logan O'Connor           40     1   2  2  

PowerPlay Defense
   Defense                  Defense                                           Time % Phy DF OF 
 1 Ludwig Bystrom           Matthew Benning                                   60     1   2  2  
 2 Juuso Valimaki           Nelson Nogier                                     40     1   2  2  

Penalty Kill 4 Players Forward 
   Center                   Wing                     Time % Phy DF OF 
 1 Jake Leschyshyn          Eetu Luostarinen         60     1   2  2  
 2 Mitchell Stephens        Nick Paul                40     1   2  2  

Penalty Kill 4 Players Defense
   Defense                  Defense                  Time % Phy DF OF 
 1 Ludwig Bystrom           Matthew Benning          60     1   2  2  
 2 Juuso Valimaki           Nelson Nogier            40     1   2  2  

Penalty Kill - 3 Players Forward 
   Forward                                           Time % Phy DF OF 
 1 Jake Leschyshyn                                   60     1   2  2  
 2 Mitchell Stephens                                 40     1   2  2  

Penalty Kill - 3 Players Defense
   Defense                  Defense                  Time % Phy DF OF 
 1 Ludwig Bystrom           Matthew Benning          60     1   2  2  
 2 Juuso Valimaki           Nelson Nogier            40     1   2  2  

4 vs 4 Forward 
   Center                   Wing                     Time % Phy DF OF 
 1 Jake Leschyshyn          Eetu Luostarinen         60     1   2  2  
 2 Mitchell Stephens        Nick Paul                40     1   2  2  

4 vs 4 Defense
   Defense                  Defense                  Time % Phy DF OF 
 1 Ludwig Bystrom           Matthew Benning          60     1   2  2  
 2 Juuso Valimaki           Nelson Nogier            40     1   2  2  

Last Minutes Offensive
   Center                   Left Wing                Right Wing               Defense                  Defense                  
   Jake Leschyshyn          Eetu Luostarinen         Vinni Lettieri           Ludwig Bystrom           Matthew Benning          

Last Minutes Defensive
   Center                   Left Wing                Right Wing               Defense                  Defense                  
   Jake Leschyshyn          Eetu Luostarinen         Vinni Lettieri           Ludwig Bystrom           Matthew Benning          

Goaltenders
Starting : Filip Gustavsson         
Backup : Daniel Vladar            

Extra Forwards
Normal : Boris Katchouk, Jake Leschyshyn, Axel Jonsson-Fjallby - PP : Boris Katchouk, Jake Leschyshyn - PK : Boris Katchouk
Extra Defensemen
Normal : Nelson Nogier, Caleb Jones, Josh Mahura - PP : Nelson Nogier - PK : Nelson Nogier, Caleb Jones
Penalty Shots
Eetu Luostarinen, Nick Paul, Vinni Lettieri, Logan O'Connor, Boris Katchouk
Custom OT Lines Forwards
Eetu Luostarinen, Nick Paul, Vinni Lettieri, Logan O'Connor, Boris Katchouk, Jake Leschyshyn, Axel Jonsson-Fjallby, Mitchell Stephens, Lukas Rousek, Aliaksei Protas
Custom OT Lines Defensemen
Ludwig Bystrom, Matthew Benning, Juuso Valimaki, Nelson Nogier, Caleb Jones

Scratches
Anders Bjork (Healthy), Alexander Khovanov (Healthy), Joey Keane (Broken Right Thumb Injury), Adam Ginning (Healthy), Kristian Vesalainen (Healthy)
Jonny Tychonick (Healthy), Max Jones (Healthy), Nathan Bastian (Healthy), William Bitten (Healthy), Jonatan Berggren (Healthy)
John Beecher (Healthy), Juuso Parssinen (Healthy), Olle Eriksson Ek (Healthy), Karel Vejmelka (Healthy)

% Time on Ice - Thunderbirds

Lines # - Real PCT - Wanted PCT - Time Play
Normal Forward
1 - 37% - 40% - 17:31
2 - 26% - 30% - 12:24
3 - 19% - 20% - 8:55
4 - 18% - 10% - 8:47
Normal Defense
1 - 39% - 40% - 18:42
2 - 33% - 30% - 15:46
3 - 23% - 20% - 10:43
4 - 5% - 10% - 2:26
PP Forward
1 - 55% - 60% - 3:31
2 - 45% - 40% - 2:55
PP Defense
1 - 54% - 60% - 3:30
2 - 46% - 40% - 2:56
PK Forward
1 - 73% - 60% - 4:21
2 - 27% - 40% - 1:36
PK Defense
1 - 59% - 60% - 3:29
2 - 41% - 40% - 2:28
PK3 Forward
1 - 0% - 60%
2 - 0% - 40%
PK3 Defense
1 - 0% - 60%
2 - 0% - 40%
44 Forward
1 - 0% - 60%
2 - 0% - 40%
44 Defense
1 - 0% - 60%
2 - 0% - 40%
Last Minute Offensive  - 0:00
Last Minute Defensive  - 0:00
Total
Forward - 60:00
Defense - 60:00

% Time on Ice - Moose

Lines # - Real PCT - Wanted PCT - Time Play
Normal Forward
1 - 34% - 40% - 16:07
2 - 32% - 30% - 15:06
3 - 19% - 20% - 8:50
4 - 16% - 10% - 7:34
Normal Defense
1 - 43% - 40% - 20:36
2 - 32% - 30% - 15:17
3 - 20% - 20% - 9:23
4 - 5% - 10% - 2:21
PP Forward
1 - 59% - 60% - 3:32
2 - 41% - 40% - 2:25
PP Defense
1 - 61% - 60% - 3:36
2 - 39% - 40% - 2:21
PK Forward
1 - 76% - 60% - 4:54
2 - 24% - 40% - 1:32
PK Defense
1 - 62% - 60% - 4:00
2 - 38% - 40% - 2:26
PK3 Forward
1 - 0% - 60%
2 - 0% - 40%
PK3 Defense
1 - 0% - 60%
2 - 0% - 40%
44 Forward
1 - 0% - 60%
2 - 0% - 40%
44 Defense
1 - 0% - 60%
2 - 0% - 40%
Last Minute Offensive  - 0:00
Last Minute Defensive  - 0:00
Total
Forward - 60:00
Defense - 60:00

Play-by-Play

1st period


0:01 of 1st period - Jake Leschyshyn wins face-off versus Rourke Chartier in neutral zone.
0:06 of 1st period - Slapshot by Ludwig Bystrom.
0:06 of 1st period - Stopped by Emil Larmi without a rebound.
0:07 of 1st period - Jake Leschyshyn wins face-off versus Rourke Chartier in Thunderbirds zone.
0:16 of 1st period - Snap shot by Joachim Blichfeld.
0:16 of 1st period - Shot Misses the Net.
0:18 of 1st period - Wrist shot by Joachim Blichfeld.
0:18 of 1st period - Stopped by Filip Gustavsson with a rebound.
0:20 of 1st period - Snap shot by Pierre Engvall.
0:20 of 1st period - Stopped by Filip Gustavsson with a rebound.
1:24 of 1st period - Slapshot by Joachim Blichfeld.
1:24 of 1st period - Shot Blocked by Matthew Benning.
1:26 of 1st period - Slapshot by Henri Jokiharju.
1:26 of 1st period - Stopped by Filip Gustavsson without a rebound.
1:27 of 1st period - Mitchell Stephens wins face-off versus Anthony Richard in Moose zone.
2:34 of 1st period - Sami Niku is hit by Nelson Nogier.
2:56 of 1st period - Josh Mahura is hit by Trent Frederic and loses puck.
3:13 of 1st period - Aliaksei Protas is hit by Trey Fix-Wolansky and loses puck.
4:14 of 1st period - Nelson Nogier is hit by Artturi Lehkonen.
4:51 of 1st period - Slapshot by Ludwig Bystrom.
4:51 of 1st period - Stopped by Emil Larmi without a rebound.
4:52 of 1st period - Michael Rasmussen wins face-off versus Riley Damiani in Thunderbirds zone.
5:01 of 1st period - Snap shot by Dylan Sikura.
5:01 of 1st period - Shot Blocked by Ludwig Bystrom.
7:12 of 1st period - Wrist shot by Dylan Sikura.
7:12 of 1st period - Stopped by Filip Gustavsson with a rebound.
7:18 of 1st period - Slapshot by Dylan Sikura.
7:18 of 1st period - Shot Misses the Net.
7:28 of 1st period - Matt Roy is hit by Matthew Benning.
7:55 of 1st period - Snap shot by Eetu Luostarinen.
7:55 of 1st period - Shot Blocked by Dylan Blujus.
8:00 of 1st period - Off-side.
8:01 of 1st period - Mitchell Stephens wins face-off versus Anthony Richard in neutral zone.
8:04 of 1st period - Wrist shot by Logan O'Connor.
8:04 of 1st period - Shot Blocked by Dylan Sikura.
8:06 of 1st period - Snap shot by Nick Paul.
8:06 of 1st period - Stopped by Emil Larmi with a rebound.
8:08 of 1st period - Snap shot by Josh Mahura.
8:08 of 1st period - Deflect By Nick Paul.
8:08 of 1st period - Shot Misses the Net.
8:08 of 1st period - Puck is out of play.
8:09 of 1st period - Mitchell Stephens wins face-off versus Anthony Richard in Thunderbirds zone.
8:16 of 1st period - Slapshot by Logan O'Connor.
8:16 of 1st period - Shot Misses the Net.
8:18 of 1st period - Slapshot by Josh Mahura.
8:18 of 1st period - Stopped by Emil Larmi with a rebound.
8:20 of 1st period - Slapshot by Caleb Jones.
8:20 of 1st period - Stopped by Emil Larmi without a rebound.
8:21 of 1st period - Eetu Luostarinen wins face-off versus Rourke Chartier in Thunderbirds zone.
8:34 of 1st period - Snap shot by Eetu Luostarinen.
8:34 of 1st period - Stopped by Emil Larmi without a rebound.
8:35 of 1st period - Pierre Engvall wins face-off versus Jake Leschyshyn in Thunderbirds zone.
9:37 of 1st period - Wrist shot by Nick Paul.
9:37 of 1st period - Stopped by Emil Larmi with a rebound.
9:47 of 1st period - Wrist shot by Dylan Blujus.
9:47 of 1st period - Stopped by Filip Gustavsson with a rebound.
9:49 of 1st period - Slapshot by Dylan Blujus.
9:49 of 1st period - Stopped by Filip Gustavsson with a rebound.
9:51 of 1st period - Slapshot by Dylan Blujus.
9:51 of 1st period - Stopped by Filip Gustavsson with a rebound.
9:53 of 1st period - Snap shot by Matt Roy.
9:53 of 1st period - Stopped by Filip Gustavsson with a rebound.
9:55 of 1st period - Slapshot by Dylan Blujus.
9:55 of 1st period - Shot Misses the Net.
10:09 of 1st period - Snap shot by Rasmus Kupari.
10:09 of 1st period - Shot Blocked by Caleb Jones.
10:11 of 1st period - Snap shot by Dylan Blujus.
10:11 of 1st period - Stopped by Filip Gustavsson without a rebound.
10:12 of 1st period - Jake Leschyshyn wins face-off versus Rourke Chartier in Moose zone.
10:42 of 1st period - Icing by Eetu Luostarinen.
10:43 of 1st period - Riley Damiani wins face-off versus Anthony Richard in Moose zone.
11:16 of 1st period - Snap shot by Axel Jonsson-Fjallby.
11:16 of 1st period - Stopped by Emil Larmi with a rebound.
11:18 of 1st period - Wrist shot by Aliaksei Protas.
11:18 of 1st period - Shot Misses the Net.
11:30 of 1st period - Slapshot by Joachim Blichfeld.
11:30 of 1st period - Shot Misses the Net.
11:32 of 1st period - Wrist shot by Emil Bemstrom.
11:32 of 1st period - Stopped by Filip Gustavsson with a rebound.
11:34 of 1st period - Slapshot by Sami Niku.
11:34 of 1st period - Stopped by Filip Gustavsson with a rebound.
11:36 of 1st period - Snap shot by Sami Niku.
11:36 of 1st period - Stopped by Filip Gustavsson with a rebound.
11:38 of 1st period - Slapshot by Frederic Allard.
11:38 of 1st period - Deflect By Vinni Lettieri.
11:38 of 1st period - Stopped by Filip Gustavsson without a rebound.
11:39 of 1st period - Anthony Richard wins face-off versus Riley Damiani in Moose zone.
11:48 of 1st period - Boris Katchouk is hit by Dylan Sikura and loses puck.
12:05 of 1st period - Matthew Benning is hit by Pierre Engvall and loses puck.
12:30 of 1st period - Logan O'Connor is hit by Artturi Lehkonen.
12:51 of 1st period - Boris Katchouk is hit by Paul Cotter and loses puck.
12:58 of 1st period - Snap shot by Paul Cotter.
12:58 of 1st period - Stopped by Filip Gustavsson without a rebound.
12:59 of 1st period - Rourke Chartier wins face-off versus Vinni Lettieri in Moose zone.
13:31 of 1st period - Minor Penalty to Anthony Richard for Hooking.
13:32 of 1st period - Trent Frederic wins face-off versus Jake Leschyshyn in Thunderbirds zone.
13:32 of 1st period - Trent Frederic is hit by Ludwig Bystrom.
13:44 of 1st period - Snap shot by Jake Leschyshyn.
13:44 of 1st period - Shot Blocked by Calen Addison.
15:31 of 1st period - Penalty to Anthony Richard is over, Anthony Richard is back on ice.
15:35 of 1st period - Snap shot by Boris Katchouk.
15:35 of 1st period - Stopped by Emil Larmi with a rebound.
15:37 of 1st period - Slapshot by Josh Mahura.
15:37 of 1st period - Stopped by Emil Larmi without a rebound.
15:38 of 1st period - Rourke Chartier wins face-off versus Riley Damiani in Thunderbirds zone.
16:01 of 1st period - Aliaksei Protas is hit by Dylan Sikura.
16:23 of 1st period - Artturi Lehkonen is hit by Vinni Lettieri and loses puck.
16:36 of 1st period - Wrist shot by Boris Katchouk.
16:36 of 1st period - Shot Misses the Net.
16:44 of 1st period - Matthew Benning is hit by Paul Cotter and loses puck.
17:58 of 1st period - Nelson Nogier is hit by Anthony Richard and loses puck.
18:24 of 1st period - Off-side.
18:25 of 1st period - Pierre Engvall wins face-off versus Jake Leschyshyn in neutral zone.
18:28 of 1st period - Slapshot by Dylan Blujus.
18:28 of 1st period - Stopped by Filip Gustavsson without a rebound.
18:29 of 1st period - Eetu Luostarinen wins face-off versus Rourke Chartier in Moose zone.
18:38 of 1st period - Snap shot by Ludwig Bystrom.
18:38 of 1st period - Shot Misses the Net.
18:40 of 1st period - Snap shot by Jake Leschyshyn.
18:40 of 1st period - Stopped by Emil Larmi with a rebound.
18:42 of 1st period - Slapshot by Matthew Benning.
18:42 of 1st period - Stopped by Emil Larmi without a rebound.
18:43 of 1st period - Jake Leschyshyn wins face-off versus Rourke Chartier in Thunderbirds zone.
19:49 of 1st period - Minor Penalty to Paul Cotter for Holding.
19:50 of 1st period - Trent Frederic wins face-off versus Jake Leschyshyn in Thunderbirds zone.
Goals for this period are 0 for Thunderbirds vs 0 for Moose.
Shots for this period are 15 for Thunderbirds vs 12 for Moose.

2nd period


0:01 of 2nd period - Trent Frederic wins face-off versus Jake Leschyshyn in neutral zone.
0:38 of 2nd period - Slapshot by Matthew Benning.
0:38 of 2nd period - Stopped by Emil Larmi without a rebound.
0:39 of 2nd period - Dylan Sikura wins face-off versus Nick Paul in Thunderbirds zone.
0:50 of 2nd period - Snap shot by Nick Paul.
0:50 of 2nd period - Deflect By Logan O'Connor.
0:50 of 2nd period - Stopped by Emil Larmi without a rebound.
0:51 of 2nd period - Trent Frederic wins face-off versus Jake Leschyshyn in Thunderbirds zone.
1:18 of 2nd period - Matthew Benning is hit by Dylan Sikura and loses puck.
1:27 of 2nd period - Snap shot by Mitchell Stephens.
1:27 of 2nd period - Stopped by Emil Larmi without a rebound.
1:28 of 2nd period - Jake Leschyshyn wins face-off versus Trent Frederic in Thunderbirds zone.
1:39 of 2nd period - Snap shot by Vinni Lettieri.
1:39 of 2nd period - Deflect By Dylan Blujus.
1:39 of 2nd period - Shot Misses the Net.
1:39 of 2nd period - Puck is out of play.
1:40 of 2nd period - Jake Leschyshyn wins face-off versus Trent Frederic in Thunderbirds zone.
1:49 of 2nd period - Penalty to Paul Cotter is over, Paul Cotter is back on ice.
2:07 of 2nd period - Slapshot by Dylan Sikura.
2:07 of 2nd period - Stopped by Filip Gustavsson with a rebound.
2:09 of 2nd period - Snap shot by Dylan Sikura.
2:09 of 2nd period - Stopped by Filip Gustavsson with a rebound.
2:11 of 2nd period - Slapshot by Henri Jokiharju.
2:11 of 2nd period - Goal by Henri Jokiharju - Thunderbirds : 1 - Moose : 0.
2:12 of 2nd period - Jake Leschyshyn wins face-off versus Rourke Chartier in neutral zone.
2:14 of 2nd period - Matthew Benning is hit by Calen Addison and loses puck.
2:21 of 2nd period - Matthew Benning is hit by Calen Addison and loses puck.
2:28 of 2nd period - Snap shot by Rourke Chartier.
2:28 of 2nd period - Shot Misses the Net.
2:40 of 2nd period - Snap shot by Logan O'Connor.
2:40 of 2nd period - Goal by Logan O'Connor - Thunderbirds : 1 - Moose : 1.
2:41 of 2nd period - Jake Leschyshyn wins face-off versus Rourke Chartier in neutral zone.
2:48 of 2nd period - Slapshot by Ludwig Bystrom.
2:48 of 2nd period - Shot Blocked by Joachim Blichfeld.
2:58 of 2nd period - Wrist shot by Jake Leschyshyn.
2:58 of 2nd period - Deflect By Calen Addison.
2:58 of 2nd period - Stopped by Emil Larmi without a rebound.
2:59 of 2nd period - Anthony Richard wins face-off versus Mitchell Stephens in Thunderbirds zone.
2:59 of 2nd period - Anthony Richard is hit by Matthew Benning.
3:13 of 2nd period - Slapshot by Dylan Blujus.
3:13 of 2nd period - Stopped by Filip Gustavsson without a rebound.
3:14 of 2nd period - Vinni Lettieri wins face-off versus Rourke Chartier in Moose zone.
3:28 of 2nd period - Snap shot by Rourke Chartier.
3:28 of 2nd period - Stopped by Filip Gustavsson without a rebound.
3:29 of 2nd period - Mitchell Stephens wins face-off versus Emil Bemstrom in Moose zone.
3:29 of 2nd period - Mitchell Stephens is hit by Henri Jokiharju.
3:36 of 2nd period - Off-side.
3:37 of 2nd period - Trent Frederic wins face-off versus Mitchell Stephens in neutral zone.
3:39 of 2nd period - Off-side.
3:40 of 2nd period - Rourke Chartier wins face-off versus Jake Leschyshyn in neutral zone.
4:17 of 2nd period - Snap shot by Nick Paul.
4:17 of 2nd period - Stopped by Emil Larmi without a rebound.
4:18 of 2nd period - Anthony Richard wins face-off versus Mitchell Stephens in Thunderbirds zone.
4:29 of 2nd period - Slapshot by Dylan Sikura.
4:29 of 2nd period - Stopped by Filip Gustavsson with a rebound.
4:31 of 2nd period - Slapshot by Matt Roy.
4:31 of 2nd period - Stopped by Filip Gustavsson with a rebound.
4:33 of 2nd period - Wrist shot by Dylan Blujus.
4:33 of 2nd period - Stopped by Filip Gustavsson without a rebound.
4:34 of 2nd period - Rourke Chartier wins face-off versus Jake Leschyshyn in Moose zone.
4:45 of 2nd period - Snap shot by Rourke Chartier.
4:45 of 2nd period - Shot Blocked by Jake Leschyshyn.
4:47 of 2nd period - Wrist shot by Rourke Chartier.
4:47 of 2nd period - Shot Misses the Net.
4:57 of 2nd period - Minor Penalty to Matthew Benning for Cross-checking.
4:58 of 2nd period - Jake Leschyshyn wins face-off versus Rourke Chartier in Moose zone.
5:11 of 2nd period - Slapshot by Joachim Blichfeld.
5:11 of 2nd period - Goal by Joachim Blichfeld - Thunderbirds : 2 - Moose : 1.
5:12 of 2nd period - Jake Leschyshyn wins face-off versus Rourke Chartier in neutral zone.
5:31 of 2nd period - Jake Leschyshyn is hit by Pierre Engvall and loses puck.
6:41 of 2nd period - Off-side.
6:42 of 2nd period - Rourke Chartier wins face-off versus Mitchell Stephens in neutral zone.
7:16 of 2nd period - Wrist shot by Eetu Luostarinen.
7:16 of 2nd period - Shot Blocked by Sami Niku.
7:34 of 2nd period - Artturi Lehkonen is hit by Jaret Anderson-Dolan and loses puck.
7:53 of 2nd period - Wrist shot by Rasmus Kupari.
7:53 of 2nd period - Stopped by Filip Gustavsson without a rebound.
7:54 of 2nd period - Riley Damiani wins face-off versus Rasmus Kupari in Moose zone.
8:52 of 2nd period - Slapshot by Nick Paul.
8:52 of 2nd period - Shot Misses the Net.
9:11 of 2nd period - Snap shot by Rasmus Kupari.
9:11 of 2nd period - Shot Misses the Net.
9:15 of 2nd period - Slapshot by Trey Fix-Wolansky.
9:15 of 2nd period - Stopped by Filip Gustavsson without a rebound.
9:16 of 2nd period - Jake Leschyshyn wins face-off versus Rourke Chartier in Moose zone.
9:21 of 2nd period - Snap shot by Nelson Nogier.
9:21 of 2nd period - Stopped by Emil Larmi with a rebound.
9:23 of 2nd period - Slapshot by Juuso Valimaki.
9:23 of 2nd period - Shot Blocked by Henri Jokiharju.
9:25 of 2nd period - Snap shot by Eetu Luostarinen.
9:25 of 2nd period - Shot Blocked by Pierre Engvall.
9:27 of 2nd period - Slapshot by Nelson Nogier.
9:27 of 2nd period - Shot Misses the Net.
10:04 of 2nd period - Snap shot by Axel Jonsson-Fjallby.
10:04 of 2nd period - Stopped by Emil Larmi with a rebound.
10:22 of 2nd period - Snap shot by Anthony Richard.
10:22 of 2nd period - Goal by Anthony Richard - Thunderbirds : 3 - Moose : 1.
10:23 of 2nd period - Rourke Chartier wins face-off versus Jake Leschyshyn in neutral zone.
10:35 of 2nd period - Snap shot by Joachim Blichfeld.
10:35 of 2nd period - Stopped by Filip Gustavsson without a rebound.
10:36 of 2nd period - Jake Leschyshyn wins face-off versus Rourke Chartier in Moose zone.
10:36 of 2nd period - Jake Leschyshyn is hit by Joachim Blichfeld.
11:02 of 2nd period - Eetu Luostarinen is hit by Trent Frederic and loses puck.
11:13 of 2nd period - Backhand shot by Emil Bemstrom.
11:13 of 2nd period - Shot Blocked by Nelson Nogier.
11:15 of 2nd period - Wrist shot by Artturi Lehkonen.
11:15 of 2nd period - Stopped by Filip Gustavsson with a rebound.
12:40 of 2nd period - Ludwig Bystrom is hit by Henri Jokiharju and loses puck.
12:54 of 2nd period - Minor Penalty to Michael Rasmussen for Holding.
12:55 of 2nd period - Trent Frederic wins face-off versus Jake Leschyshyn in Thunderbirds zone.
13:03 of 2nd period - Slapshot by Jake Leschyshyn.
13:03 of 2nd period - Deflect By Eetu Luostarinen.
13:03 of 2nd period - Shot Misses the Net.
13:03 of 2nd period - Puck is out of play.
13:04 of 2nd period - Trent Frederic wins face-off versus Jake Leschyshyn in Thunderbirds zone.
13:17 of 2nd period - Snap shot by Trent Frederic.
13:17 of 2nd period - Stopped by Filip Gustavsson without a rebound.
13:18 of 2nd period - Trent Frederic wins face-off versus Jake Leschyshyn in Moose zone.
13:58 of 2nd period - Slapshot by Ludwig Bystrom.
13:58 of 2nd period - Stopped by Emil Larmi with a rebound.
14:54 of 2nd period - Penalty to Michael Rasmussen is over, Michael Rasmussen is back on ice.
15:09 of 2nd period - Wrist shot by Axel Jonsson-Fjallby.
15:09 of 2nd period - Stopped by Emil Larmi without a rebound.
15:10 of 2nd period - Anthony Richard wins face-off versus Jaret Anderson-Dolan in Thunderbirds zone.
15:15 of 2nd period - Snap shot by Michael Rasmussen.
15:15 of 2nd period - Stopped by Filip Gustavsson without a rebound.
15:16 of 2nd period - Eetu Luostarinen wins face-off versus Anthony Richard in Moose zone.
15:41 of 2nd period - Anthony Richard is hit by Jake Leschyshyn and loses puck.
15:45 of 2nd period - Icing by Frederic Allard.
15:46 of 2nd period - Anthony Richard wins face-off versus Mitchell Stephens in Thunderbirds zone.
16:01 of 2nd period - Snap shot by Anthony Richard.
16:01 of 2nd period - Stopped by Filip Gustavsson with a rebound.
16:03 of 2nd period - Snap shot by Anthony Richard.
16:03 of 2nd period - Goal by Anthony Richard - Thunderbirds : 4 - Moose : 1.
16:04 of 2nd period - Rourke Chartier wins face-off versus Jake Leschyshyn in neutral zone.
16:31 of 2nd period - Mitchell Stephens is hit by Henri Jokiharju and loses puck.
16:38 of 2nd period - Michael Rasmussen is hit by Nick Paul and loses puck.
16:57 of 2nd period - Axel Jonsson-Fjallby is hit by Dylan Blujus and loses puck.
17:02 of 2nd period - Snap shot by Emil Bemstrom.
17:02 of 2nd period - Deflect By Nelson Nogier.
17:02 of 2nd period - Shot Blocked by Nelson Nogier.
17:02 of 2nd period - Puck is out of play.
17:03 of 2nd period - Jake Leschyshyn wins face-off versus Rourke Chartier in Moose zone.
17:18 of 2nd period - Snap shot by Jake Leschyshyn.
17:18 of 2nd period - Stopped by Emil Larmi with a rebound.
17:46 of 2nd period - Icing by Josh Mahura.
17:47 of 2nd period - Riley Damiani wins face-off versus Emil Bemstrom in Moose zone.
17:56 of 2nd period - Slapshot by Lukas Rousek.
17:56 of 2nd period - Shot Blocked by Calen Addison.
18:02 of 2nd period - Snap shot by Boris Katchouk.
18:02 of 2nd period - Stopped by Emil Larmi with a rebound.
18:45 of 2nd period - Slapshot by Emil Bemstrom.
18:45 of 2nd period - Stopped by Filip Gustavsson with a rebound.
18:47 of 2nd period - Wrist shot by Artturi Lehkonen.
18:47 of 2nd period - Goal by Artturi Lehkonen - Thunderbirds : 5 - Moose : 1.
18:48 of 2nd period - Rourke Chartier wins face-off versus Jake Leschyshyn in neutral zone.
18:53 of 2nd period - Jake Leschyshyn is hit by Rourke Chartier.
18:58 of 2nd period - Juuso Valimaki is hit by Matt Roy and loses puck.
19:40 of 2nd period - Sami Niku is hit by Ludwig Bystrom and loses puck.
Goals for this period are 5 for Thunderbirds vs 1 for Moose.
Shots for this period are 20 for Thunderbirds vs 12 for Moose.

3rd period


0:01 of 3rd period - Rourke Chartier wins face-off versus Jake Leschyshyn in neutral zone.
0:14 of 3rd period - Snap shot by Rourke Chartier.
0:14 of 3rd period - Shot Misses the Net.
0:22 of 3rd period - Minor Penalty to Nelson Nogier for Tripping.
0:23 of 3rd period - Rourke Chartier wins face-off versus Jake Leschyshyn in Moose zone.
0:48 of 3rd period - Michael Rasmussen is hit by Matthew Benning and loses puck.
1:20 of 3rd period - Off-side.
1:21 of 3rd period - Jake Leschyshyn wins face-off versus Anthony Richard in neutral zone.
2:22 of 3rd period - Penalty to Nelson Nogier is over, Nelson Nogier is back on ice.
2:35 of 3rd period - Slapshot by Matthew Benning.
2:35 of 3rd period - Stopped by Emil Larmi without a rebound.
2:36 of 3rd period - Jaret Anderson-Dolan wins face-off versus Rasmus Kupari in Thunderbirds zone.
2:59 of 3rd period - Snap shot by Logan O'Connor.
2:59 of 3rd period - Stopped by Emil Larmi with a rebound.
3:01 of 3rd period - Snap shot by Logan O'Connor.
3:01 of 3rd period - Stopped by Emil Larmi with a rebound.
3:03 of 3rd period - Slapshot by Caleb Jones.
3:03 of 3rd period - Shot Misses the Net.
3:16 of 3rd period - Icing by Sami Niku.
3:17 of 3rd period - Rourke Chartier wins face-off versus Riley Damiani in Thunderbirds zone.
4:35 of 3rd period - Slapshot by Axel Jonsson-Fjallby.
4:35 of 3rd period - Stopped by Emil Larmi without a rebound.
4:36 of 3rd period - Rourke Chartier wins face-off versus Jake Leschyshyn in Thunderbirds zone.
4:36 of 3rd period - Rourke Chartier is hit by Nelson Nogier.
4:44 of 3rd period - Wrist shot by Joachim Blichfeld.
4:44 of 3rd period - Shot Blocked by Jake Leschyshyn.
4:46 of 3rd period - Slapshot by Matt Roy.
4:46 of 3rd period - Shot Blocked by Juuso Valimaki.
4:48 of 3rd period - Snap shot by Joachim Blichfeld.
4:48 of 3rd period - Shot Misses the Net.
4:50 of 3rd period - Slapshot by Dylan Blujus.
4:50 of 3rd period - Deflect By Rourke Chartier.
4:50 of 3rd period - Shot Blocked by Juuso Valimaki.
4:50 of 3rd period - Puck is out of play.
4:51 of 3rd period - Anthony Richard wins face-off versus Mitchell Stephens in Moose zone.
5:55 of 3rd period - Snap shot by Rasmus Kupari.
5:55 of 3rd period - Stopped by Filip Gustavsson without a rebound.
5:56 of 3rd period - Jaret Anderson-Dolan wins face-off versus Rasmus Kupari in Moose zone.
6:28 of 3rd period - Snap shot by Eetu Luostarinen.
6:28 of 3rd period - Deflect By Jake Leschyshyn.
6:28 of 3rd period - Stopped by Emil Larmi with a rebound.
6:52 of 3rd period - Snap shot by Dylan Sikura.
6:52 of 3rd period - Goal by Dylan Sikura - Thunderbirds : 6 - Moose : 1.
6:53 of 3rd period - Pierre Engvall wins face-off versus Jake Leschyshyn in neutral zone.
6:57 of 3rd period - Minor Penalty to Ludwig Bystrom for Holding.
6:58 of 3rd period - Jake Leschyshyn wins face-off versus Rourke Chartier in Moose zone.
8:57 of 3rd period - Penalty to Ludwig Bystrom is over, Ludwig Bystrom is back on ice.
9:06 of 3rd period - Minor Penalty to Aliaksei Protas for Interference.
9:07 of 3rd period - Rourke Chartier wins face-off versus Jake Leschyshyn in Moose zone.
11:06 of 3rd period - Penalty to Aliaksei Protas is over, Aliaksei Protas is back on ice.
12:24 of 3rd period - Dylan Blujus is hit by Juuso Valimaki and loses puck.
12:35 of 3rd period - Joachim Blichfeld is hit by Ludwig Bystrom and loses puck.
12:50 of 3rd period - Ludwig Bystrom is hit by Rasmus Kupari.
13:02 of 3rd period - Axel Jonsson-Fjallby is hit by Artturi Lehkonen and loses puck.
14:28 of 3rd period - Josh Mahura is hit by Emil Bemstrom and loses puck.
15:12 of 3rd period - Frederic Allard is hit by Axel Jonsson-Fjallby and loses puck.
15:33 of 3rd period - Eetu Luostarinen is hit by Frederic Allard and loses puck.
15:52 of 3rd period - Slapshot by Boris Katchouk.
15:52 of 3rd period - Shot Blocked by Henri Jokiharju.
16:04 of 3rd period - Pierre Engvall is hit by Logan O'Connor and loses puck.
16:09 of 3rd period - Snap shot by Logan O'Connor.
16:09 of 3rd period - Deflect By Nick Paul.
16:09 of 3rd period - Stopped by Emil Larmi without a rebound.
16:10 of 3rd period - Rourke Chartier wins face-off versus Mitchell Stephens in Thunderbirds zone.
16:15 of 3rd period - Ludwig Bystrom is hit by Joachim Blichfeld and loses puck.
16:49 of 3rd period - Wrist shot by Joachim Blichfeld.
16:49 of 3rd period - Shot Misses the Net.
16:51 of 3rd period - Slapshot by Pierre Engvall.
16:51 of 3rd period - Shot Misses the Net.
17:09 of 3rd period - Snap shot by Joachim Blichfeld.
17:09 of 3rd period - Stopped by Filip Gustavsson with a rebound.
18:27 of 3rd period - Snap shot by Rourke Chartier.
18:27 of 3rd period - Stopped by Filip Gustavsson with a rebound.
18:29 of 3rd period - Snap shot by Pierre Engvall.
18:29 of 3rd period - Shot Blocked by Ludwig Bystrom.
18:31 of 3rd period - Snap shot by Pierre Engvall.
18:31 of 3rd period - Shot Misses the Net.
18:43 of 3rd period - Snap shot by Logan O'Connor.
18:43 of 3rd period - Goal by Logan O'Connor - Thunderbirds : 6 - Moose : 2.
18:44 of 3rd period - Jake Leschyshyn wins face-off versus Anthony Richard in neutral zone.
18:49 of 3rd period - Snap shot by Eetu Luostarinen.
18:49 of 3rd period - Goal by Eetu Luostarinen - Thunderbirds : 6 - Moose : 3.
18:50 of 3rd period - Anthony Richard wins face-off versus Jake Leschyshyn in neutral zone.
18:57 of 3rd period - Snap shot by Jake Leschyshyn.
18:57 of 3rd period - Shot Misses the Net.
18:59 of 3rd period - Slapshot by Juuso Valimaki.
18:59 of 3rd period - Shot Blocked by Michael Rasmussen.
19:01 of 3rd period - Wrist shot by Eetu Luostarinen.
19:01 of 3rd period - Stopped by Emil Larmi with a rebound.
19:03 of 3rd period - Wrist shot by Eetu Luostarinen.
19:03 of 3rd period - Stopped by Emil Larmi without a rebound.
19:04 of 3rd period - Jake Leschyshyn wins face-off versus Anthony Richard in Thunderbirds zone.
19:07 of 3rd period - Snap shot by Eetu Luostarinen.
19:07 of 3rd period - Stopped by Emil Larmi with a rebound.
19:09 of 3rd period - Snap shot by Jake Leschyshyn.
19:09 of 3rd period - Shot Misses the Net.
19:39 of 3rd period - Backhand shot by Emil Bemstrom.
19:39 of 3rd period - Stopped by Filip Gustavsson without a rebound.
19:40 of 3rd period - Trent Frederic wins face-off versus Jake Leschyshyn in Moose zone.
19:44 of 3rd period - Minor Penalty to Caleb Jones for Roughing.
19:45 of 3rd period - Jake Leschyshyn wins face-off versus Anthony Richard in Moose zone.
Goals for this period are 1 for Thunderbirds vs 2 for Moose.
Shots for this period are 5 for Thunderbirds vs 11 for Moose.